 Dungeon Sprint DCSS version 0.31-a0-1074-g0b22e4e0f1 (webtiles) character file.

Game seed: 536140850134192460

3315 rocky1 the Grappler (level 9, -9/144 HPs)
             Began as a Troll Shapeshifter on Dec 1, 2023.
             Was a Follower of Jiyva.
             Mangled by a hornet (10 damage)
             ... in the Dungeon (Sprint IV: "Fedhas' Mad Dash").
             The game lasted 00:05:15 (2991 turns).

rocky1 the Grappler (Troll Shapeshifter)            Turns: 2991, Time: 00:05:16

Health: -9/144     AC:  4    Str: 26    XL:     9   Next: 70%
Magic:  8/8        EV: 10    Int:  6    God:    Jiyva [*.....]
Gold:   157        SH:  0    Dex: 11    Spells: 8/8 levels left

rFire   . .          .
                       - Unarmed
rCold   . . .        (no shield)
rNeg    . . .        a - +0 animal skin
rPois   .            (helmet currently unavailable)
rElec   .            (cloak currently unavailable)
rCorr   .            (gloves unavailable)
SInv    .            (boots unavailable)
Will    .....        b - amulet of invisibility {+Inv} Stlth
                     (no ring)
HPRegen 2.04/turn    (no ring)
MPRegen 0.36/turn

%: no teleportation
@: berserking, lethally poisoned (-9 -> -9), beast-form, very slightly
contaminated, very quick
A: beast (slay +4), large, unfitting armour, claws 3, regeneration 1, shaggy fur
1, tough skin 1
a: Begin Untransformation, Renounce Religion, Evoke Invisibility


You were in the Dungeon.
You worshipped Jiyva.
Jiyva was aware of your devotion.
You were a hulking beast.
You visited 1 branch You collected 157 gold pieces.

Inventory:

Armour
 a - a +0 animal skin (worn)
Jewellery
 b - the amulet of invisibility (around neck) {+Inv}
   (You found it in the Dungeon)

   [amulet of nothing]

   +Inv:      It lets you turn invisible.
Talismans
 c - a beast talisman
 d - a flux talisman
Scrolls
 j - a scroll of blinking
 k - a scroll of torment {unknown}
Potions
 e - 3 potions of curing
 f - a potion of heal wounds
 g - a potion of haste
 h - 2 potions of magic


   Skills:
 + Level 7.9 Fighting
 - Level 1.8 Dodging
 * Level 8.6 Stealth
 + Level 10.2 Unarmed Combat
 + Level 6.4 Evocations
 + Level 9.3 Shapeshifting


You had 8 spell levels left.
You didn't know any spells.
Your spell library contained the following spells:

 Spells                   Type           Power      Damage    Failure   Level
 Kiss of Death            Conj/Necr      0%         2d5       45%         1
 Shock                    Conj/Air       0%         1d3       45%         1
 Confusing Touch          Hex            0%         N/A       83%         3
 Swiftness                Air            0%         N/A       83%         3
 Airstrike                Air            0%         2d(0-16)  99%         4
 Dispel Undead            Necr           0%         3d6       99%         4


Dungeon Overview and Level Annotations

Branches:
Dungeon (1/1)

Altars:
Cheibriados
Dithmenos
Elyvilon
Gozag
Hepliaklqana
Kikubaaqudgha
Makhleb
Nemelex Xobeh
Okawaru
Qazlal
Ru
Sif Muna
Trog
Uskayaw
Vehumet
Wu Jian
Xom
Yredelemnul
Zin
The Shining One
Jiyva
Lugonu

Shops:
D [!*


Innate Abilities, Weirdness & Mutations

You are a hulking beast.
Your limbs bulge with bestial killing power. (Slay +4)
You are too large for most types of armour.
You have claws for hands.
Your natural rate of healing is unusually fast.
You are covered in fur. (AC +1)
You have tough skin. (AC +1)


Message History

The spriggan berserker closely misses you.
You claw the spriggan berserker!
The spriggan berserker is severely wounded.
The spriggan druid hits you with a +0 quarterstaff.
The spriggan berserker hits you with a +0 rapier!!
* * * LOW HITPOINT WARNING * * *
You see here 7 gold pieces.
Unknown command.
Okay, then.
A red film seems to cover your vision as you go berserk!
You feel yourself moving faster!
You feel mighty!
You flicker back into view.
The spriggan druid hits you with a +0 quarterstaff!
* * * LOW HITPOINT WARNING * * *
The spriggan berserker barely misses you.
Unknown command.
You eviscerate the spriggan berserker!!!
You kill the spriggan berserker!
The spriggan druid hits you with a +0 quarterstaff!
* * * LOW HITPOINT WARNING * * *
Your Stealth skill increases to level 8!
Your Unarmed Combat skill increases to level 10!
Your Evocations skill increases to level 6!
Your Shapeshifting skill increases to level 9!
You claw the spriggan druid! You claw the spriggan druid!!
The spriggan druid is severely wounded.
You mangle the spriggan druid!!
With its final breath, the spriggan druid offers up its power to the beasts of the wild!
The hornet seems to grow more fierce.
You kill the spriggan druid!
The hornet stings you!
* * * LOW HITPOINT WARNING * * *
You are poisoned.
You feel yourself slow down.
You miss the hornet. Your claw misses the hornet.
You feel yourself speed up.
* * * LOW HITPOINT WARNING * * *
You feel very sick. The hornet stings you!
You die...

...'.#(..'.._._._._._..'.)#...#..
...#.#...#..._._._._.).#..###'##.
#######'##.._._._._._..#..##∩∩.'.
.....'...#._._._._._.⌠.##########
.....#...###############
.♣..######♣♣♣♣♣..♣?#
######.)'......♣..♣#
'.......#♣..♣♣♣y♣..#
#.......#.♣♣.(♣.h)♣' ##########
#######


You could see a hornet (strong).

Vanquished Creatures
  A spriggan berserker (D)
  A spriggan druid (D)
  2 oklob plants (D)
  2 burning bushes (D)
  A queen bee (D)
  3 scorpions (D)
  4 killer bees (D)
  3 wandering mushrooms (D)
  5 oklob saplings (D)
  2 spriggans (D)
  A river rat (D)
  A rat (D)
26 creatures vanquished.

Vanquished Creatures (others)
  A burning bush (D)
  16 jellies (D)
  2 ballistomycete spores (D)
19 creatures vanquished.

Grand Total: 45 creatures vanquished

Notes
Turn   | Place    | Note
-------+----------+-------------------------------------------
     0 | D        | rocky1 the Troll Shapeshifter began the quest for the Orb.
     0 | D        | Reached XP level 1. HP: 18/18 MP: 0/0
    13 | D        | Reached XP level 2. HP: 26/26 MP: 1/1
   459 | D        | Noticed an oklob sapling
   462 | D        | Killed an oklob sapling
   463 | D        | Reached skill level 1 in Fighting
   463 | D        | Reached skill level 1 in Stealth
   463 | D        | Reached skill level 4 in Unarmed Combat
   463 | D        | Reached XP level 3. HP: 35/35 MP: 2/2
   865 | D        | Noticed a scorpion
   865 | D        | Found the amulet of invisibility {+Inv}
   872 | D        | Killed a scorpion
   873 | D        | Reached skill level 5 in Unarmed Combat
   873 | D        | Reached skill level 5 in Shapeshifting
   873 | D        | Reached XP level 4. HP: 20/44 MP: 3/3
  1135 | D        | Found an opulent altar of Gozag.
  1135 | D        | Found a hazy altar of Hepliaklqana.
  1135 | D        | Found a burning altar of Makhleb.
  1135 | D        | Found a sparkling altar of Nemelex Xobeh.
  1135 | D        | Found a snail-covered altar of Cheibriados.
  1135 | D        | Found a sacrificial altar of Ru.
  1135 | D        | Found a shimmering blue altar of Sif Muna.
  1135 | D        | Found a shimmering altar of Xom.
  1135 | D        | Found a basalt altar of Yredelemnul.
  1136 | D        | Found a viscous altar of Jiyva.
  1136 | D        | Found a bloodstained altar of Trog.
  1136 | D        | Found an ornate altar of the Wu Jian Council.
  1137 | D        | Found an iron altar of Okawaru.
  1137 | D        | Found a shadowy altar of Dithmenos.
  1137 | D        | Found a glowing silver altar of Zin.
  1138 | D        | Found an ancient bone altar of Kikubaaqudgha.
  1138 | D        | Found a hide-covered altar of Uskayaw.
  1139 | D        | Found a stormy altar of Qazlal.
  1139 | D        | Found a white marble altar of Elyvilon.
  1139 | D        | Found a glowing golden altar of the Shining One.
  1140 | D        | Found a corrupted altar of Lugonu.
  1140 | D        | Found a radiant altar of Vehumet.
  1145 | D        | Reached skill level 1 in Evocations
  1145 | D        | Reached XP level 5. HP: 53/53 MP: 4/4
  1148 | D        | Became a worshipper of Jiyva Jachum the Shapeless
  1259 | D        | Reached skill level 6 in Unarmed Combat
  1493 | D        | Reached XP level 6. HP: 62/62 MP: 5/5
  1599 | D        | Found Mytamir's Distillery.
  1603 | D        | Found Vidiphes's Antique Armour Emporium.
  1604 | D        | Noticed a wandering mushroom
  1605 | D        | Noticed a burning bush
  1606 | D        | Found Umiehoedo's General Store.
  1607 | D        | Noticed a wandering mushroom
  1695 | D        | Reached skill level 5 in Stealth
  1695 | D        | Killed a wandering mushroom
  1696 | D        | Reached skill level 5 in Fighting
  1696 | D        | Reached skill level 7 in Unarmed Combat
  1854 | D        | Reached XP level 7. HP: 42/72 MP: 6/6
  1987 | D        | Reached * piety under Jiyva
  1992 | D        | Noticed a queen bee
  2000 | D        | Killed a queen bee
  2005 | D        | Reached skill level 8 in Unarmed Combat
  2139 | D        | Noticed an oklob plant
  2155 | D        | Killed an oklob plant
  2156 | D        | Reached XP level 8. HP: 84/84 MP: 7/7
  2389 | D        | Noticed a burning bush
  2398 | D        | Killed a burning bush
  2399 | D        | Reached skill level 5 in Evocations
  2622 | D        | Noticed a burning bush
  2622 | D        | Noticed an oklob plant
  2629 | D        | Noticed a wandering mushroom
  2631 | D        | Killed a burning bush
  2632 | D        | Reached skill level 9 in Unarmed Combat
  2642 | D        | Killed an oklob plant
  2643 | D        | Reached XP level 9. HP: 51/93 MP: 8/8
  2976 | D        | Noticed a spriggan berserker
  2978 | D        | Killed a burning bush
  2979 | D        | Noticed a spriggan druid
  2988 | D        | Killed a spriggan berserker
  2989 | D        | Reached skill level 10 in Unarmed Combat
  2990 | D        | Killed a spriggan druid
  2990 | D        | HP: 2/141 [hornet (16)]
  2991 | D        | Mangled by a hornet

Illustrated notes

Levels and vault maps discovered:
D:        dungeon_sprint_fedhas [sprint_temple]

Skill      XL: |  1  2  3  4  5  6  7  8  9 |
---------------+----------------------------+-----
Fighting       | 1 2 3 4 5 6 7 |  7.9
Stealth        | 1 3 4 5 6 7 8 |  8.6
Unarmed Combat | 4 5 6 7 8 9 10 | 10.2
Shapeshifting  | 4 5 6 7 8 9 |  9.3
Evocations     | 1 2 3 4 5 6 |  6.4
Dodging        | |  1.8

Action                     |  1- 3 |  4- 6 |  7- 9 || total
---------------------------+-------+-------+-------++-------
  Melee: Unarmed           |    14 |    28 |    53 ||    95
         Punch             |       |     1 |     2 ||     3
Ability: Evoke Invisibilit |       |     3 |     5 ||     8
    Use: Potion            |     1 |       |     1 ||     2
   Stab: Invisible         |       |     2 |    10 ||    12
         Sleeping          |       |     2 |     3 ||     5
 Armour: Skin              |     2 |       |       ||     2
         Animal skin       |     6 |    21 |    34 ||    61
  Dodge: Dodged            |     3 |    11 |    17 ||    31

Table legend: (Time is in decaauts)
 A = Elapsed time spent in this place.
 B = Non-inter-level travel time spent in this place.
 C = Inter-level travel time spent in this place.
 D = Time resting spent in this place.
 E = Time spent auto-exploring this place.
 F = Levels seen in this place.
 G = Mean time per level.
                   A        B        C        D        E       F      G
               +--------+--------+--------+--------+--------+-----+--------+
         Total |   2978 |   2978 |      0 |   2601 |      0 |   1 | 2978.0 |
       Dungeon |   2978 |   2978 |      0 |   2601 |      0 |   1 | 2978.0 |
               +--------+--------+--------+--------+--------+-----+--------+

Top non-repeatable levels by time:
       D: 2978 daAuts
